 Dungeon Crawl Stone Soup version 0.20.0-7-g3b7b877 (webtiles) character file.

14014 uglyjohn the Cleaver (level 11, -2/153 HPs)
             Began as a Minotaur Berserker on May 29, 2017.
             Was the Champion of Trog.
             Killed from afar by Azrael (42 damage)
             ... with a bolt of fire
             ... on level 12 of the Dungeon.
             The game lasted 00:28:32 (12527 turns).

uglyjohn the Cleaver (Minotaur Berserker)          Turns: 12527, Time: 00:28:32

Health: -2/153     AC: 27    Str: 28    XL:     11   Next: 83%
Magic:  10/10      EV: 10    Int:  5    God:    Trog [******]
Gold:   766        SH:  0    Dex: 11    Spells: 10/10 levels left

rFire    . . .     SeeInvis .   E - +1 battleaxe
rCold    . . .     Gourm    .   (shield currently unavailable)
rNeg     . . .     Faith    .   p - +2 crystal plate armour
rPois    .         Spirit   .   (helmet restricted)
rElec    .         Reflect  .   I - +0 cloak
rCorr    .         Harm     .   g - +2 pair of gloves {archery}
MR       ++...                  (no boots)
Stlth    ..........             (no amulet)
Regen    1.4/turn               J - +1 ring of evasion
MPRegen  0.2/turn               (no ring)

@: berserking, regenerating, very quick
A: retaliatory headbutt, horns 2
a: Berserk, Trog's Hand, Brothers in Arms, Burn Spellbooks, Renounce Religion


You were on level 12 of the Dungeon.
You worshipped Trog.
Trog was exalted by your worship.
You were very hungry.

You visited 1 branch of the dungeon, and saw 12 of its levels.
You also visited: Bailey.

You collected 792 gold pieces.
You spent 26 gold pieces at shops.

Inventory:

Hand Weapons
 E - a +1 battleaxe (weapon)
Missiles
 F - 38 bolts
Armour
 b - +0 acid dragon scales
 g - a +2 pair of gloves of archery (worn)
 m - a +3 scale mail
 p - a +2 crystal plate armour (worn)
 I - a +0 cloak (worn)
Jewellery
 i - an uncursed ring of poison resistance
 A - an uncursed amulet of magic regeneration
 J - a +1 ring of evasion (left hand)
Wands
 y - a wand of enslavement (14/24)
 D - a wand of flame (43/48)
 H - a wand of polymorph (6/24)
Scrolls
 f - a scroll of remove curse
 q - 2 scrolls of recharging
 r - 2 scrolls of enchant armour
 t - 4 scrolls of blinking
 v - 2 scrolls of teleportation
 w - a scroll of magic mapping
 x - a scroll of immolation
 B - a scroll of enchant weapon
Potions
 a - a potion of mutation {unknown}
 d - a potion of brilliance {unknown}
 e - 3 potions of resistance
 j - a potion of flight {unknown}
 l - a potion of agility {unknown}
 n - 5 potions of heal wounds
 o - 2 potions of ambrosia
 u - 8 potions of curing
 C - a potion of berserk rage {unknown}
 G - a potion of lignification
Comestibles
 c - 13 bread rations
 k - 7 royal jellies
 s - 4 fruits
 z - 9 chunks of flesh


   Skills:
 - Level 11.0 Fighting
 - Level 14.6 Axes
 - Level 10.5 Armour
 + Level 9.3 Dodging


You had 10 spell levels left.
You didn't know any spells.

Dungeon Overview and Level Annotations

Branches:
Dungeon (12/15)            Temple (0/1) D:7            Lair (0/6) D:8
    Orc (0/2) D:10

Altars:
Ashenzari
Elyvilon
Gozag
Hepliaklqana
Makhleb
Nemelex Xobeh
Okawaru
Qazlal
Trog
Uskayaw
Xom
Yredelemnul
The Shining One

Shops:
D:5 ?

Annotations:
D:9 2 runed doors, exclusion: orange crystal statue
D:12 Azrael


Innate Abilities, Weirdness & Mutations

You reflexively headbutt those who attack you in melee.
You have a pair of horns on your head.


Message History

You carve the fire elemental like a ham!!!
You destroy the fire elemental!
Trog accepts your kill.
The hell hound bites you but does no damage.
You closely miss the hell hound. You headbutt the hell hound.
The hell hound is lightly wounded.
You barely miss the hell hound.
The hell hound is lightly wounded.
The hell hound barely misses you.
You slash the hell hound!
The hell hound is severely wounded.
The hell hound breathes flames at you. The blast of flame hits you!
* * * LOW HITPOINT WARNING * * *
You slash the hell hound!
You kill the hell hound!
Trog accepts your kill. Azrael gestures at you. The bolt of fire hits you!
You die...

#. #.# #.# #.# #.#
### #.. #..
#.##############.#
#.............)..#
#@#############...
#†##..........#..#
#R##........#....#
§5# ........#+##.#
... #............
.... #..........##
%..! #............
.....#
###...#'#'###
###.#.#....


You could see Azrael and a crimson imp.

Vanquished Creatures
  4 two-headed ogres
  Pikel (D:5)
  An ugly thing (D:11)
  A deep elf mage (D:9)
  A komodo dragon (D:8)
  A troll (D:11)
  2 hippogriffs
  4 hogs (D:9)
  4 yaks (D:12)
  3 fire elementals (D:12)
  A human (D:9)
  2 hungry ghosts (D:11)
  Grum (D:10)
  A water moccasin (D:5)
  2 acid dragons (D:11)
  4 hell hounds (D:12)
  2 ice beasts
  3 orc warriors
  A phantom (D:9)
  3 sky beasts
  The ghost of hotbaconsauce the Chopper, an amateur MiBe of Trog (D:3)
  4 wolves (D:10)
  3 necrophages (D:10)
  7 ogres
  4 centaurs
  A crocodile (D:12)
  3 big kobolds
  Blork the orc (D:5)
  5 bullfrogs
  A water moccasin skeleton (D:8)
  A wyvern skeleton (D:7)
  3 scorpions
  18 killer bees
  10 wights (D:10)
  8 crimson imps
  A howler monkey (D:4)
  A quasit (D:8)
  2 centaur zombies
  6 orc priests
  3 hounds
  4 jellies
  6 orc wizards
  Crazy Yiuf (D:6)
  A centaur skeleton (D:8)
  Ijyb (D:4)
  Natasha (thrice) (D:2 D:5)
  3 iguanas
  7 worker ants
  3 hound zombies
  A hound skeleton (D:4)
  A mummy (D:10)
  A worker ant zombie (D:11)
  7 gnolls
  8 adders
  A howler monkey skeleton (D:8)
  4 shadow imps
  A worm (D:5)
  2 dart slugs
  3 leopard geckos
  47 orcs
  A ball python (D:4)
  5 bats
  2 giant cockroaches
  7 hobgoblins
  22 jackals
  3 quokkas
  5 frilled lizards
  4 goblins
  A jackal skeleton (D:7)
  16 kobolds
  A leopard gecko skeleton (D:9)
  10 rats
307 creatures vanquished.

Vanquished Creatures (others)
  A slave (D:5)
  2 centaurs (D:5)
  An adder (D:5)
  A quokka (D:9)
  A plant (D:8)
6 creatures vanquished.

Grand Total: 313 creatures vanquished

Notes
Turn   | Place    | Note
-------+----------+-------------------------------------------
     0 | D:1      | uglyjohn the Minotaur Berserker began the quest for the Orb.
     0 | D:1      | Reached XP level 1. HP: 19/19 MP: 0/0
   234 | D:1      | Reached skill level 4 in Axes
   242 | D:1      | Reached XP level 2. HP: 18/27 MP: 1/1
   710 | D:2      | Found an iron altar of Okawaru.
   716 | D:2      | Noticed Natasha
   723 | D:2      | Killed Natasha
   723 | D:2      | Reached XP level 3. HP: 15/33 MP: 2/2
   948 | D:2      | Found a shimmering altar of Xom.
  1066 | D:2      | Reached ** piety under Trog
  1128 | D:2      | Found a stormy altar of Qazlal.
  1286 | D:2      | Found a bloodstained altar of Trog.
  1435 | D:2      | Reached skill level 5 in Axes
  1435 | D:2      | Reached XP level 4. HP: 38/41 MP: 3/3
  1747 | D:3      | Reached XP level 5. HP: 28/47 MP: 4/4
  1975 | D:3      | Noticed hotbaconsauce's ghost (amateur MiBe)
  1984 | D:3      | Killed hotbaconsauce's ghost
  1984 | D:3      | Reached skill level 5 in Fighting
  1984 | D:3      | Reached skill level 6 in Axes
  2145 | D:3      | Found a bloodstained altar of Trog.
  2296 | D:3      | Reached XP level 6. HP: 56/56 MP: 5/5
  2359 | D:4      | Noticed Ijyb
  2371 | D:4      | Killed Ijyb
  2527 | D:4      | Reached *** piety under Trog
  2705 | D:4      | Found a basalt altar of Yredelemnul.
  2916 | D:4      | Found a burning altar of Makhleb.
  3135 | D:5      | Entered Level 5 of the Dungeon
  3188 | D:5      | Reached skill level 7 in Axes
  3217 | D:5      | Noticed a water moccasin
  3234 | D:5      | Killed a water moccasin
  3234 | D:5      | Reached skill level 5 in Armour
  3234 | D:5      | Reached XP level 7. HP: 42/62 MP: 6/6
  3240 | D:5      | Noticed Natasha
  3245 | D:5      | Killed Natasha
  3280 | D:5      | Noticed Natasha
  3610 | D:5      | Found a hazy altar of Hepliaklqana.
  3641 | D:5      | Killed Natasha
  3667 | D:5      | Reached skill level 8 in Axes
  3823 | D:5      | Noticed Blork the orc
  3836 | D:5      | Killed Blork the orc
  3930 | D:5      | Noticed Pikel
  3939 | D:5      | Killed Pikel
  3939 | D:5      | Reached skill level 9 in Axes
  3939 | D:5      | Reached XP level 8. HP: 71/73 MP: 7/7
  4394 | D:5      | Found Viututh's Magic Scroll Emporium.
  4398 | D:5      | Bought a scroll of identify for 26 gold pieces
  4865 | D:6      | Reached skill level 10 in Axes
  5149 | D:6      | Reached XP level 9. HP: 66/81 MP: 8/8
  5154 | D:6      | Reached **** piety under Trog
  5242 | D:6      | Found a runed door.
  5246 | D:6      | Noticed Crazy Yiuf
  5251 | D:6      | Killed Crazy Yiuf
  5491 | D:6      | Reached skill level 11 in Axes
  6349 | D:7      | Found a staircase to the Ecumenical Temple.
  6394 | D:7      | Reached skill level 12 in Axes
  6669 | D:8      | Found a staircase to the Lair.
  6670 | D:8      | Noticed a komodo dragon
  6691 | D:8      | Killed a komodo dragon
  6810 | D:8      | Noticed a two-headed ogre
  6819 | D:8      | Killed a two-headed ogre
  6819 | D:8      | Reached XP level 10. HP: 30/91 MP: 9/9
  7102 | D:8      | Found a sparkling altar of Nemelex Xobeh.
  7445 | D:9      | Found a runed door.
  7501 | D:9      | Found a runed door.
  7512 | D:9      | Found a runed door.
  7523 | D:9      | Found a runed door.
  7690 | D:9      | Found a glowing golden altar of the Shining One.
  7690 | D:9      | Found a hide-covered altar of Uskayaw.
  7709 | D:9      | Found a shattered altar of Ashenzari.
  7719 | D:9      | Reached skill level 13 in Axes
  7741 | D:9      | Found a white marble altar of Elyvilon.
  7761 | D:9      | Noticed a deep elf mage
  7779 | D:9      | Killed a deep elf mage
  7779 | D:9      | Reached skill level 10 in Fighting
  8207 | D:9      | Reached ***** piety under Trog
  8268 | D:9      | Reached skill level 10 in Armour
  8719 | D:9      | Noticed an orange crystal statue
  8806 | D:10     | Entered Level 10 of the Dungeon
  8933 | D:10     | Noticed Grum
  8941 | D:10     | Reached skill level 14 in Axes
  8943 | D:10     | Killed Grum
  9428 | D:10     | Reached XP level 11. HP: 94/101 MP: 10/10
  9486 | D:10     | Noticed a two-headed ogre
  9494 | D:10     | Killed a two-headed ogre
 10062 | D:10     | Found a staircase to the Orcish Mines.
 10354 | D:11     | Found a flagged portal.
 10360 | Bailey   | Entered a bailey
 10478 | Bailey   | Reached ****** piety under Trog
 10526 | Bailey   | Noticed an orc knight
 10526 | Bailey   | Noticed an orc knight
 11529 | D:11     | Found an opulent altar of Gozag.
 11720 | D:11     | Noticed a two-headed ogre
 11727 | D:11     | Killed a two-headed ogre
 11727 | D:11     | Reached skill level 5 in Dodging
 11839 | D:11     | Noticed a cyan ugly thing
 11845 | D:11     | Received a gift from Trog
 11855 | D:11     | Killed a cyan ugly thing
 12335 | D:12     | Noticed a two-headed ogre
 12342 | D:12     | Killed a two-headed ogre
 12496 | D:12     | Noticed Azrael
 12527 | D:12     | Killed from afar by Azrael

Skill      XL: |  1  2  3  4  5  6  7  8  9 10 11 |
---------------+----------------------------------+-----
Axes           | 4 5 6 7 9 10 12 14 | 14.6
Fighting       | 4 5 7 9 10 11 | 11.0
Armour         | 3 4 5 6 7 9 10 | 10.5
Dodging        | 9 |  9.3

Action                   |  1- 3 |  4- 6 |  7- 9 | 10-12 || total
-------------------------+-------+-------+-------+-------++-------
Melee: Hand axe          |    71 |   136 |    35 |       ||   242
       Headbutt          |    12 |    27 |    41 |    65 ||   145
       Battleaxe         |       |       |   188 |   383 ||   571
Invok: Berserk           |     1 |       |     1 |     4 ||     6
       Trog's Hand       |       |       |       |     2 ||     2
Evoke: Wand              |       |       |     1 |     1 ||     2
  Use: Scroll            |     1 |       |     5 |    13 ||    19
  Eat: Chunk             |     2 |     6 |    12 |    16 ||    36
       Royal jelly       |       |       |       |     1 ||     1
       Fruit             |       |       |       |     2 ||     2
       Meat ration       |       |       |       |     1 ||     1
Armor: Chain mail        |    57 |    80 |   164 |   183 ||   484
       Animal skin       |     1 |       |       |       ||     1
       Crystal plate arm |       |       |       |    82 ||    82
Dodge: Dodged            |    46 |    55 |   116 |   229 ||   446
